 Dungeon Crawl Stone Soup version 0.28-a0-1435-g82390b3a13 (webtiles) character file.

Game seed: 3078480695821126362

530 HallandMoats the Skirmisher (level 7, -5/44 HPs)
             Began as a Gargoyle Fighter on Jan 9, 2022.
             Killed from afar by a steam dragon (15 damage)
             ... with a ball of steam
             ... on level 4 of the Dungeon.
             The game lasted 00:05:45 (3184 turns).

HallandMoats the Skirmisher (Gargoyle Fighter)      Turns: 3184, Time: 00:05:48

Health: -5/44      AC: 16    Str: 19    XL:     7   Next: 24%
Magic:  7/8        EV:  6    Int:  9    God:
Gold:   131        SH:  5    Dex: 11    Spells: 6/6 levels left

rFire   . . .      SeeInvis .   b - +5 spear (venom)
rCold   . . .      Faith    .   c - +0 buckler
rNeg    + . .      Spirit   .   r - +0 plate armour
rPois   ∞          Reflect  .   (no helmet)
rElec   +          Harm     .   (no cloak)
rCorr   .          Rampage  .   (no gloves)
Will    .....                   (no boots)
Stlth   ..........              e - amulet of regeneration
HPRegen 0.94/turn               (no ring)
MPRegen 0.11/turn               (no ring)

@: no status effects
A: sickness immunity, AC +4, negative energy resistance 1, electricity
resistance, torment resistance 1, petrification resistance
a: no special abilities


You were on level 4 of the Dungeon.
You visited 1 branch of the dungeon, and saw 4 of its levels.

You collected 131 gold pieces.

Inventory:

Hand Weapons
 a - a +0 mace of protection
 b - a +5 spear of venom (weapon)
Missiles
 p - a throwing net (quivered)
Armour
 c - a +0 buckler (worn)
 r - a +0 plate armour (worn)
Jewellery
 e - an amulet of regeneration (around neck)
 j - a ring of fire
 q - an amulet of guardian spirit
 s - an amulet of reflection
Wands
 k - a wand of digging (4)
Scrolls
 h - 3 scrolls of identify {unknown}
 l - a scroll of teleportation {unknown}
 m - a scroll of blinking {unknown}
 n - a scroll of vulnerability {unknown}
 t - a scroll of immolation {unknown}
 w - a scroll of enchant armour {unknown}
Potions
 d - a potion of might
 f - 2 potions of haste {unknown}
 g - 2 potions of flight {unknown}
 i - a potion of berserk rage {unknown}
 o - a potion of ambrosia {unknown}
 u - a potion of heal wounds {unknown}
 v - a potion of curing {unknown}


   Skills:
 * Level 5.5 Fighting
 + Level 3.5 Maces & Flails
 + Level 4.6 Armour
 + Level 1.9 Dodging
 + Level 4.6 Shields
 * Level 1.7 Invocations


You had 6 spell levels left.
You didn't know any spells.
Your spell library contained the following spells:

 Spells                   Type           Power      Damage    Failure   Level
 Frozen Ramparts          Ice            0%         1d2       100%        3
 Ozocubu's Armour         Ice            0%         N/A       100%        3
 Summon Guardian Golem    Hex/Summ       0%         N/A       100%        3
 Olgreb's Toxic Radiance  Pois           0%         N/A       100%        4
 Orb of Destruction       Conj           0%         N/A       100%        7
 Ozocubu's Refrigeration  Ice            0%         4d5       100%        7
 Spellforged Servitor     Conj/Summ      0%         N/A       100%        7


Dungeon Overview and Level Annotations

Branches:
Dungeon (4/15)
 Temple: D:4-7

Altars:
Cheibriados

Shops:
D:3 *   D:4 *


Innate Abilities, Weirdness & Mutations

You are immune to sickness and miasma.
Your stone body is resilient. (AC +4)
You are immune to poison.
You resist negative energy. (rN+)
You are resistant to electric shocks. (rElec)
You are resistant to unholy torment.
You are immune to petrification.


Message History

Aim: a steam dragon (moderately wounded, very poisoned, about 34% to evade your +5 spear of venom)
You hit the steam dragon.
The steam dragon is moderately wounded.
The steam dragon bites you but does no damage.
The steam dragon claws you but does no damage.
A hobgoblin comes into view.
Reach: b) +5 spear (venom)
Press: ? - help, Dir - move target, f/p - steam dragon
Aim: a steam dragon (moderately wounded, very poisoned, about 34% to evade your +5 spear of venom)
You hit the steam dragon.
The steam dragon looks as sick as possible!
The steam dragon is moderately wounded.
You kill the ogre!
The steam dragon bites you!
The steam dragon claws you but does no damage.
The steam dragon bites you. The steam dragon barely misses you.
The steam dragon breathes steam at you. The ball of steam hits you.
You hear a shout! x2
Reach: b) +5 spear (venom)
Press: ? - help, Dir - move target, f/p - steam dragon
Aim: a steam dragon (steam, severely wounded, very poisoned, about 34% to evade your +5 spear of venom)
You reach to attack!
You hit the steam dragon.
The steam dragon looks as sick as possible!
The steam dragon is almost dead.
The steam dragon breathes steam at you. The ball of steam misses you.
You hear a shout!
Reach: b) +5 spear (venom)
Press: ? - help, Dir - move target, f/p - steam dragon
Aim: a steam dragon (steam, almost dead, extremely poisoned, about 34% to evade your +5 spear of venom)
You reach to attack!
You hit the steam dragon but do no damage.
The steam dragon looks as sick as possible!
The steam dragon is almost dead.
You are engulfed in a cloud of scalding steam.
* * * LOW HITPOINT WARNING * * *
The steam dragon breathes steam at you. The ball of steam hits you!
You die...

##. .....# #........#... ..
..... #........#... ##+###.
..##.#........#... .......##
##.##......<...#...
........###..####........#...
..........)g§######'#'##.###.
........#####D......#.##.# #.
........#####§§§###.#....# #.
.............@...############.
.............§...+... ........
..:........§§....##.# ########
###............§.#####.# ###
#.............§.§......# #..
+.........##..##..##...# ###
#........ ##....# ##..#
#..(.....## ##..## ##..#
#......... # #..# ##..##


You could see a steam dragon (extremely poisoned, catching breath).

Vanquished Creatures
  An ogre (D:4)
  A necrophage (D:4)
  A hound (D:4)
  A gnoll shaman (D:3)
  2 iguanas (D:4)
  A hound skeleton (D:4)
  8 gnolls (D:3)
  9 adders
  3 worms (D:3)
  3 dart slugs
  3 orcs (D:4)
  9 endoplasms
  3 giant cockroaches
  4 hobgoblins
  6 kobolds
  4 quokkas
  13 ball pythons
  4 bats
  A frilled lizard (D:1)
  4 goblins
  4 rats
85 creatures vanquished.

Notes
Turn   | Place    | Note
-------+----------+-------------------------------------------
     0 | D:1      | HallandMoats the Gargoyle Fighter began the quest for the
                  | Orb.
     0 | D:1      | Reached XP level 1. HP: 14/14 MP: 1/1
   183 | D:1      | Reached XP level 2. HP: 16/19 MP: 2/2
   877 | D:2      | Reached XP level 3. HP: 24/24 MP: 3/3
   969 | D:2      | You fall into a shaft and drop 2 floors!
   990 | D:4      | Noticed a steam dragon
  1051 | D:4      | Reached skill level 4 in Fighting
  1051 | D:4      | Reached XP level 4. HP: 29/29 MP: 4/4
  1287 | D:4      | Noticed a necrophage
  1298 | D:4      | Killed a necrophage
  1299 | D:4      | Reached skill level 1 in Dodging
  1299 | D:4      | Reached XP level 5. HP: 28/34 MP: 5/5
  1369 | D:4      | Reached XP level 6. HP: 25/40 MP: 6/6
  1496 | D:4      | Got Nidegyso's Incunabulum of Nocuous Snow
  1535 | D:3      | Reached skill level 5 in Fighting
  1770 | D:3      | Found a snail-covered altar of Cheibriados.
  2051 | D:3      | Found Mesunuuq's Assorted Antiques.
  2324 | D:3      | Found a faded altar of an unknown god.
  2658 | D:2      | Reached skill level 1 in Invocations
  2870 | D:2      | Reached XP level 7. HP: 44/44 MP: 7/7
  3175 | D:4      | Found Zin's Purification Station.
  3184 | D:4      | Killed from afar by a steam dragon

Illustrated notes

Levels and vault maps discovered:
D:1:      grunt_arrival_lava_bath, layout_basic, minmay_tetromino_i2
D:2:      layout_loops_ring, columned_hall_lemuel, kennysheep_small_spiral,
          chequers_serial_rivers_micro_b
D:3:      layout_basic, slow_altar_1, nicolae_ecumenical_snake_handling,
          serial_shops, nicolae_shop_overgrown_old_shop
D:4:      minmay_octagon_keep, layout_basic, zin_purify, palyth_stone_intersect

Skill      XL: |  1  2  3  4  5  6 |
---------------+-------------------+-----
Fighting       | 4 5 |  5.5
Armour         | 4 |  4.6
Dodging        | 1 |  1.9
Shields        | 4 |  4.6
Maces & Flails | 3 |  3.5
Invocations    | 1 |  1.7

Action                   |  1- 3 |  4- 6 |  7- 9 || total
-------------------------+-------+-------+-------++-------
Melee: Mace              |    88 |    85 |       ||   173
       Flail             |     3 |       |       ||     3
       Spear             |       |   107 |    19 ||   126
Armor: Scale mail        |    48 |    63 |       ||   111
       Plate armour      |       |    44 |    15 ||    59
Dodge: Dodged            |    36 |    75 |     5 ||   116
Block: Buckler           |    28 |    41 |     2 ||    71

Table legend: (Time is in decaauts)
 A = Elapsed time spent in this place.
 B = Non-inter-level travel time spent in this place.
 C = Inter-level travel time spent in this place.
 D = Time resting spent in this place.
 E = Time spent auto-exploring this place.
 F = Levels seen in this place.
 G = Mean time per level.
                   A        B        C        D        E       F      G
               +--------+--------+--------+--------+--------+-----+--------+
         Total |   3256 |   3228 |     28 |     15 |   2233 |   4 |  814.0 |
       Dungeon |   3256 |   3228 |     28 |     15 |   2233 |   4 |  814.0 |
               +--------+--------+--------+--------+--------+-----+--------+

Top non-repeatable levels by time:
     D:3: 1099 daAuts
     D:1: 852 daAuts
     D:2: 659 daAuts
     D:4: 644 daAuts
